[Event "Titled Tuesday Blitz May 23 Late 2023"]
[White "Carlsen, Magnus"]
[Black "Bluebaum, Matthias"]
[WhiteFideId "1503014"]
[BlackFideId "24651516"]
[WhiteElo "2852"]
[BlackElo "2639"]
[Result "1-0"]
[Round "09"]
[TimeControl "180+2"]
[Date "2023.05.23"]
[WhiteClock "0:00:52"]
[BlackClock "0:00:04"]

1. d4 d5 2. Nf3 e6 3. Bf4 c5 4. c3 Nc6 5. e3 Bd6 6. Bg3 Nge7 7. Nbd2 cxd4 8. cxd4 O-O 9. Bd3 Nf5 10. Bxd6 Qxd6 11. O-O Bd7 12. a3 Rac8 13. Qe2 h6 14. Rfc1 Rc7 15. Rc3 Rfc8 16. Rac1 Nd8 17. Nb1 Rxc3 18. Nxc3 Nc6 19. Bxf5 exf5 20. Qd2 Na5 21. Rc2 Nc4 22. Qc1 Be6 23. Ne2 Rc6 24. h4 Bd7 25. Nf4 Nb6 26. Ne5 Rxc2 27. Qxc2 Be6 28. h5 f6 29. Nxe6 Qxe6 30. Ng6 Qe8 31. Qxf5 Qd7 32. Qxd7 Nxd7 33. Ne7+ Kf7 34. Nxd5 Ke6 35. Nf4+ Kd6 36. Kf1 Nb6 37. b3 a5 38. Ke2 a4 39. bxa4 Nxa4 40. Kd3 Nb6 41. e4 Nd7 42. a4 Nb6 43. a5 Nd7 44. Nd5 Nb8 45. Ne3 Nc6 46. Nc4+ Kc7 47. d5 Nb4+ 48. Kc3 Na6 49. Kd4 Nb4 50. Ne3 Kd7 51. Kc4 Na6 52. Nf5 Nc7 53. Nxg7 Kd6 54. f4 Na6 55. Nf5+ Kc7 56. Nxh6 Nb8 57. Ng8 Nd7 58. h6 b5+ 59. axb6+ Nxb6+ 60. Kd4 1-0


[Site "https://www.chess.com"]

[Event "Titled Tuesday Blitz May 23 Late 2023"]
[White "Martinez Alcantara, Jose Eduardo"]
[Black "Nihal Sarin"]
[WhiteFideId "3805662"]
[BlackFideId "25092340"]
[WhiteElo "2711"]
[BlackElo "2689"]
[Result "1/2-1/2"]
[Round "09"]
[TimeControl "180+2"]
[Date "2023.05.23"]
[WhiteClock "0:00:05"]
[BlackClock "0:00:06"]

1. e4 c6 2. d4 d5 3. e5 Bf5 4. h4 h5 5. Bd3 Bxd3 6. Qxd3 Qa5+ 7. b4 Qa6 8. e6 Qxd3 9. cxd3 fxe6 10. Nd2 Nd7 11. Ndf3 Nh6 12. Nh3 Ng4 13. Bf4 g6 14. O-O Bg7 15. Rfe1 a5 16. bxa5 Rxa5 17. Rxe6 Bf6 18. Ree1 O-O 19. Rab1 b6 20. Bg5 Rxa2 21. Bxf6 exf6 22. Re6 Rc2 23. Rd6 Rf7 24. Ne1 Ra2 25. Rxc6 Re7 26. Nf3 Kf7 27. Rd6 Nf8 28. Rdxb6 Ne6 29. R6b5 Rd7 30. R5b2 Rxb2 31. Rxb2 Ra7 32. Rb1 Ra3 33. Rd1 Ra4 34. Rb1 Nxd4 35. Nxd4 Rxd4 36. Rb7+ Ke6 37. g3 Ne5 38. Nf4+ Kf5 39. Rb5 g5 40. hxg5 fxg5 41. Nxd5 Rxd3 42. Ne3+ Ke4 43. Kg2 Rd4 44. Ra5 Rb4 45. Ra8 Rb2 46. Re8 Rb5 47. Nc4 Rc5 48. Nd2+ Kd3 49. Nf1 Ng4 50. Ne3 Nxe3+ 51. Rxe3+ Kd4 52. Re8 Rf5 53. f3 Re5 54. Rh8 g4 55. fxg4 hxg4 56. Kf2 Rf5+ 57. Ke2 Rf3 58. Rd8+ Ke4 59. Re8+ Kd4 60. Rd8+ Ke4 61. Re8+ Kd4 62. Rd8+ 1/2-1/2


[Site "https://www.chess.com"]

[Event "Titled Tuesday Blitz May 23 Late 2023"]
[White "Caruana, Fabiano"]
[Black "Babazada, Khazar"]
[WhiteFideId "2020009"]
[BlackFideId "13413554"]
[WhiteElo "2837"]
[BlackElo "2351"]
[Result "1-0"]
[Round "09"]
[TimeControl "180+2"]
[Date "2023.05.23"]
[WhiteClock "0:00:03"]
[BlackClock "0:00:00"]

1. d4 Nf6 2. Nf3 e6 3. g3 d5 4. Bg2 Be7 5. O-O O-O 6. c4 dxc4 7. Qc2 a6 8. a4 Bd7 9. Qxc4 Bc6 10. Bg5 Nbd7 11. Nbd2 a5 12. Rfd1 Nb6 13. Qc2 Nbd5 14. Nc4 Nb4 15. Qc1 Be4 16. Nfe5 Bxg2 17. Kxg2 h6 18. Bxf6 Bxf6 19. e4 c6 20. Qc3 Qc7 21. Ng4 Be7 22. Qb3 Rfd8 23. Rac1 b6 24. h4 Rac8 25. h5 Qb7 26. Qf3 Bf8 27. b3 b5 28. Nce5 bxa4 29. bxa4 Qa7 30. Rd2 Bd6 31. Nc4 Bf8 32. Rcd1 Qa6 33. Nce5 Qa7 34. Ne3 Bd6 35. N3c4 Bf8 36. Qe3 Qa6 37. Qe2 Be7 38. Qf3 Bf6 39. Rc1 Qa7 40. Rcd1 Rc7 41. Qe3 Bg5 42. f4 Be7 43. Qf3 Bf6 44. Ne3 c5 45. d5 Bxe5 46. fxe5 Rcd7 47. d6 Nc6 48. Ng4 c4 49. Rc1 Qc5 50. Qf2 Qb4 51. Rdc2 Qxa4 52. Rxc4 Nb4 53. Qf3 Qa2+ 54. Kh3 Qd2 55. Qf4 Qe2 56. Qf2 Qd3 57. Qf1 Qb3 58. R4c3 Qa4 59. Qf4 Qb5 60. Rc5 Qd3 61. R5c3 Qe2 62. Qf3 Qb5 63. Rc7 Nd3 64. Rxd7 Rxd7 65. Rc8+ Kh7 66. Nf6+ gxf6 67. Qxf6 Nf4+ 68. Qxf4 Qe2 69. g4 Qd3+ 70. Kh4 Qe2 71. Kg3 Qe1+ 72. Qf2 Qxe4 73. Qf4 Qe1+ 74. Kg2 Rb7 75. Rc2 a4 76. Rf2 a3 77. Qf3 Ra7 78. Qd3+ Kg7 79. Qd4 Rd7 80. Qf4 a2 81. Rxa2 Rb7 82. Rf2 Kh7 83. Qf3 Kh8 84. Qxb7 1-0


[Site "https://www.chess.com"]

[Event "Titled Tuesday Blitz May 23 Late 2023"]
[White "Hakobyan, Aram"]
[Black "Bortnyk, Olexandr"]
[WhiteFideId "13306677"]
[BlackFideId "14120828"]
[WhiteElo "2584"]
[BlackElo "2734"]
[Result "0-1"]
[Round "09"]
[TimeControl "180+2"]
[Date "2023.05.23"]
[WhiteClock "0:00:08"]
[BlackClock "0:00:02"]

1. d4 d6 2. Nf3 Nf6 3. g3 g6 4. Bg2 Bg7 5. O-O O-O 6. b3 a5 7. Nc3 Bf5 8. Nh4 Bc8 9. Bb2 Nc6 10. Nf3 Bf5 11. d5 Nb4 12. Nd4 Bd7 13. a3 Na6 14. e4 Qc8 15. Re1 c6 16. dxc6 bxc6 17. e5 dxe5 18. Rxe5 Re8 19. Rxa5 e5 20. Nde2 Bh3 21. Qf1 Bxg2 22. Qxg2 Qf5 23. Nd4 exd4 24. Rxf5 dxc3 25. Bxc3 gxf5 26. Rd1 Re6 27. Qf3 Nc7 28. a4 Ncd5 29. Bd4 Ne7 30. Bc5 Ng6 31. b4 Rxa4 32. Rd8+ Ne8 33. Qxf5 Ra1+ 34. Kg2 Rae1 35. c4 Bf8 36. Bxf8 Kxf8 37. b5 cxb5 38. cxb5 R1e5 39. Qd3 Rb6 40. Qd7 Re7 41. Qd3 Re5 42. Qa3+ Kg8 43. Qa8 Kf8 44. Qa3+ Kg8 45. h4 h5 46. Qd3 Kf8 47. Qd7 Re7 48. Qd1 Rxb5 49. Qd3 Rbe5 50. Qc3 Kg8 51. Qf3 Kg7 52. Qc3 Nf6 53. Ra8 Re8 54. Ra6 R8e6 55. Ra8 Re2 56. Qc8 Re8 57. Qc4 Rxf2+ 58. Kxf2 Rxa8 59. Qd4 Re8 60. Kg2 Re4 61. Qa1 Rg4 62. Kh3 Ne7 63. Qe5 Ng8 64. Qc3 Nh6 65. Qe5 Rg6 66. Kg2 Ng4 67. Qd4 Nh6 68. Kh3 Rxg3+ 69. Kh2 Rg4 70. Qa1 Rxh4+ 71. Kg3 Rg4+ 72. Kh3 Nf5 73. Qa8 Kg6 74. Qh8 Rg3+ 75. Kh2 Re3 76. Kg2 Re8 77. Qxh5+ Nxh5 0-1


[Site "https://www.chess.com"]

[Event "Titled Tuesday Blitz May 23 Late 2023"]
[White "Sarana, Alexey"]
[Black "Tatarinov, Dmitry"]
[WhiteFideId "24133795"]
[BlackFideId "24160067"]
[WhiteElo "2714"]
[BlackElo "2326"]
[Result "1-0"]
[Round "09"]
[TimeControl "180+2"]
[Date "2023.05.23"]
[WhiteClock "0:00:09"]
[BlackClock "0:00:16"]

1. d4 Nf6 2. c4 e6 3. Nc3 d5 4. Nf3 dxc4 5. e4 b5 6. e5 Nd5 7. Nxb5 Nb6 8. a3 Nc6 9. Be3 Be7 10. Qc2 Na5 11. Be2 Bb7 12. Nc3 Qd7 13. Rd1 Nd5 14. Bd2 Nb3 15. Bxc4 Nxd2 16. Qxd2 Nb6 17. Be2 O-O 18. O-O Rfd8 19. Bb5 c6 20. Bd3 c5 21. dxc5 Bxf3 22. gxf3 Bxc5 23. Bxh7+ Kf8 24. Qf4 Qe7 25. Ne4 Bd4 26. Nd6 Bxb2 27. Bg6 Bxe5 28. Qxe5 fxg6 29. Rfe1 Rd7 30. Ne4 Rd5 31. Qg3 Rad8 32. Rc1 Kg8 33. Qxg6 Qf7 34. Qg4 Rf5 35. Ng5 Qg6 36. h4 Nd5 37. Rxe6 Nf6 38. Qg3 Rd4 39. Rce1 Rxh4 40. Qb8+ Ne8 41. Rxe8+ Rf8 42. Rxf8# 1-0


[Site "https://www.chess.com"]

[Event "Titled Tuesday Blitz May 23 Late 2023"]
[White "Svane, Rasmus"]
[Black "Iliaguev, Nisim"]
[WhiteFideId "4657101"]
[BlackFideId "2817276"]
[WhiteElo "2601"]
[BlackElo "2241"]
[Result "1-0"]
[Round "09"]
[TimeControl "180+2"]
[Date "2023.05.23"]
[WhiteClock "0:01:37"]
[BlackClock "0:02:08"]

1. Nf3 d5 2. g3 Nd7 3. d4 e6 4. Bg2 b5 5. O-O Ngf6 6. c3 Be7 7. Bg5 O-O 8. Nbd2 Bb7 9. b4 a5 10. a3 a4 11. Ne1 e5 12. Nd3 e4 13. Nc5 Nxc5 14. bxc5 c6 15. f3 exf3 16. Bxf3 Bc8 17. Bxf6 Bxf6 18. e4 Be6 19. Qc2 Bg5 20. Rae1 Qd7 1-0


[Site "https://www.chess.com"]

[Event "Titled Tuesday Blitz May 23 Late 2023"]
[White "Duda, Jan-Krzysztof"]
[Black "Krzyzanowski, Marcin"]
[WhiteFideId "1170546"]
[BlackFideId "1132199"]
[WhiteElo "2790"]
[BlackElo "2471"]
[Result "0-1"]
[Round "09"]
[TimeControl "180+2"]
[Date "2023.05.23"]
[WhiteClock "0:00:01"]
[BlackClock "0:00:16"]

1. d4 Nf6 2. c4 d6 3. Nc3 e5 4. dxe5 dxe5 5. Qxd8+ Kxd8 6. Nf3 Nfd7 7. g4 c6 8. g5 a5 9. Be3 Na6 10. O-O-O Kc7 11. Ne4 f5 12. gxf6 gxf6 13. Bh3 Nac5 14. Nxc5 Nxc5 15. Bxc8 Rxc8 16. Rhg1 Ne6 17. Nh4 a4 18. Nf5 a3 19. b3 Bb4 20. h4 Rhg8 21. h5 Rcd8 22. Rg3 Rxg3 23. fxg3 Rg8 24. Kc2 Bc5 25. Bc1 Nd4+ 26. Nxd4 Bxd4 27. Rf1 e4 28. Rf4 Be5 29. Rxe4 Rxg3 30. Re3 Rg2 31. h6 Rh2 32. Kd3 Rh1 33. Bxa3 Rxh6 34. Rf3 Rh1 35. Be7 Rh6 36. a4 Kd7 37. Bc5 Rh1 38. b4 h5 39. a5 h4 40. Rf5 h3 41. Rh5 h2 42. Ke4 Ke6 43. Rh7 f5+ 44. Ke3 Rb1 45. Rh6+ Kf7 46. b5 cxb5 47. cxb5 h1=Q 48. Rxh1 Rxh1 49. a6 bxa6 50. bxa6 Ra1 51. a7 Ke6 52. Kd3 Kd5 53. Bb6 f4 54. Bf2 Ra3+ 55. Kc2 Kc4 56. Bb6 Bd4 57. Bc7 Ra2+ 58. Kd1 Rxa7 59. Bxf4 Ra2 60. Ke1 Kd5 61. Kf1 Ke4 62. Bh6 Be3 63. Bg7 Rc2 64. Bf6 Rc1+ 65. Kg2 Re1 66. Kh3 Rxe2 67. Kg4 Rg2+ 0-1


[Site "https://www.chess.com"]

[Event "Titled Tuesday Blitz May 23 Late 2023"]
[White "Andreikin, Dmitry"]
[Black "Remizov, Yaroslav"]
[WhiteFideId "4158814"]
[BlackFideId "34134015"]
[WhiteElo "2736"]
[BlackElo "2400"]
[Result "0-1"]
[Round "09"]
[TimeControl "180+2"]
[Date "2023.05.23"]
[WhiteClock "0:00:04"]
[BlackClock "0:00:09"]

1. e4 c5 2. Nc3 e6 3. Nge2 Nc6 4. g3 d6 5. Bg2 Nge7 6. O-O g6 7. d4 cxd4 8. Nxd4 a6 9. Be3 Bg7 10. Qd2 Ne5 11. b3 Ng4 12. Rad1 Nxe3 13. Qxe3 O-O 14. Nce2 Qc7 15. c4 Bd7 16. h4 b5 17. e5 dxe5 18. Bxa8 exd4 19. Qf3 Nc6 20. Bxc6 Bxc6 21. Qd3 e5 22. Rc1 b4 23. Qd2 Qd7 24. Kh2 Qg4 25. Ng1 a5 26. c5 e4 27. Qg5 Qd7 28. Nh3 h6 29. Qf4 d3 30. Qd6 Qc8 31. Nf4 Rd8 32. Qe7 Rd7 33. Nxg6 fxg6 34. Qe6+ Kh7 35. h5 gxh5 36. Rc4 Kh8 37. Qf5 Qe8 38. Re1 Rf7 39. Qh3 Rxf2+ 40. Kg1 Rf8 41. Rf1 e3 42. Rxf8+ Qxf8 43. Rf4 Qd8 44. Qe6 d2 0-1


[Site "https://www.chess.com"]

[Event "Titled Tuesday Blitz May 23 Late 2023"]
[White "Sethuraman, S.P."]
[Black "Bortnyk, Mykola"]
[WhiteFideId "5021596"]
[BlackFideId "14120836"]
[WhiteElo "2543"]
[BlackElo "2582"]
[Result "1-0"]
[Round "09"]
[TimeControl "180+2"]
[Date "2023.05.23"]
[WhiteClock "0:00:16"]
[BlackClock "0:00:00"]

1. d4 Nf6 2. c4 e6 3. Nf3 d5 4. g3 dxc4 5. Bg2 Bd7 6. Nbd2 c5 7. dxc5 Bc6 8. O-O Bxc5 9. Nxc4 O-O 10. Bg5 Nbd7 11. Nfe5 Bxg2 12. Kxg2 Nxe5 13. Nxe5 Bd4 14. Bxf6 gxf6 15. Nd3 Qd5+ 16. Kg1 Rfd8 17. Qb3 Qxb3 18. axb3 a6 19. Kg2 Rac8 20. Rfc1 f5 21. f4 Be3 22. Rxc8 Rxc8 23. Kf3 Bd4 24. Ra4 Bf6 25. Rc4 Rxc4 26. bxc4 Kf8 27. b4 Ke7 28. e4 fxe4+ 29. Kxe4 b6 30. g4 Bc3 31. c5 bxc5 32. Nxc5 Bxb4 33. Nxa6 Bd6 34. f5 Bxh2 35. Nc5 Bd6 36. Nd3 Kf6 37. fxe6 fxe6 38. Kf3 Kg5 39. Nf2 Be7 40. Ne4+ Kg6 41. Kf4 h6 42. Kf3 Bf8 43. Kf4 Bb4 44. Kf3 e5 45. Kg2 Kf7 46. Kf3 Ke6 47. Kg2 Kd5 48. Kf3 Be7 49. Ng3 Bg5 50. Ne4 Kd4 51. Nd6 Bf4 52. Ne4 Kd3 53. Nc5+ Kc4 54. Ne4 Bg5 55. Nxg5 Kd5 56. Nf7 h5 57. gxh5 Ke6 58. Ng5+ Kf6 59. Nh3 Kf5 60. Kg3 e4 61. Kh4 1-0


[Site "https://www.chess.com"]

[Event "Titled Tuesday Blitz May 23 Late 2023"]
[White "Sjugirov, Sanan"]
[Black "Mekhitarian, Krikor Sevag"]
[WhiteFideId "4189302"]
[BlackFideId "2107660"]
[WhiteElo "2569"]
[BlackElo "2604"]
[Result "1-0"]
[Round "09"]
[TimeControl "180+2"]
[Date "2023.05.23"]
[WhiteClock "0:01:32"]
[BlackClock "0:00:41"]

1. d4 d5 2. c4 e6 3. e3 Nf6 4. Nc3 b6 5. cxd5 exd5 6. Nf3 Bd6 7. Bb5+ c6 8. Bd3 O-O 9. Ne5 Bxe5 10. dxe5 Nfd7 11. f4 Nc5 12. Be2 f6 13. exf6 Qxf6 14. O-O Ba6 15. Qc2 Bxe2 16. Nxe2 Nbd7 17. Nd4 Rac8 18. b4 Ne4 19. Bb2 Qd6 20. f5 c5 21. bxc5 bxc5 22. Ne6 Rf7 23. Rad1 Nf8 24. Qxe4 1-0


[Site "https://www.chess.com"]

[Event "Titled Tuesday Blitz May 23 Late 2023"]
[White "Schmakel, Sam"]
[Black "Zakhartsov, Vladimir"]
[WhiteFideId "2039311"]
[BlackFideId "4145097"]
[WhiteElo "2356"]
[BlackElo "2495"]
[Result "0-1"]
[Round "09"]
[TimeControl "180+2"]
[Date "2023.05.23"]
[WhiteClock "0:00:00"]
[BlackClock "0:00:13"]

1. d4 Nf6 2. c4 e6 3. Nf3 d5 4. Nc3 Nbd7 5. cxd5 exd5 6. Bg5 c6 7. e3 Be7 8. Bd3 Ne4 9. Bf4 Ndf6 10. O-O O-O 11. Qc2 Bf5 12. h3 h6 13. Ne5 Bh7 14. Ne2 Nd6 15. Bxh7+ Nxh7 16. Bh2 Re8 17. a4 a5 18. Nd3 Ne4 19. Nc3 Nhf6 20. Nxe4 Nxe4 21. f3 Nd6 22. b3 Bg5 23. f4 Bf6 24. Rae1 Ne4 25. Nc5 Nxc5 26. Qxc5 Re4 27. Bg3 Be7 28. Qc2 Qb6 29. Re2 Re8 30. Bf2 Bb4 31. Rd1 Qc7 32. Qd3 Qe7 33. Rc1 Rxf4 34. Be1 Re4 35. Bxb4 Qxb4 36. Rf1 Qe7 37. Rf3 g6 38. Qd2 h5 39. Qxa5 Rxd4 40. exd4 Qxe2 41. Qc7 Re7 42. Qb8+ Kg7 43. Qf4 Qe1+ 44. Kh2 Qe6 45. a5 Rd7 46. b4 Qd6 47. Qxd6 Rxd6 48. Ra3 Rd8 49. Kg3 Ra8 50. Re3 Kf6 51. h4 Ra6 52. Rc3 Ke6 53. Kf4 f6 54. g4 hxg4 55. Kxg4 Ra8 56. Re3+ Kf7 57. Rc3 Re8 58. Kf3 Re4 59. b5 cxb5 60. Rc7+ Ke6 61. Rxb7 Rxd4 62. Rxb5 Rxh4 63. Rb6+ Ke5 64. a6 Ra4 65. Ke3 Ra3+ 66. Kd2 g5 67. Rc6 g4 68. Rb6 f5 0-1


[Site "https://www.chess.com"]

[Event "Titled Tuesday Blitz May 23 Late 2023"]
[White "Papasimakopoulos, Alexandros"]
[Black "Kramnik, Vladimir"]
[WhiteFideId "4244125"]
[BlackFideId "4101588"]
[WhiteElo "2359"]
[BlackElo "2703"]
[Result "0-1"]
[Round "09"]
[TimeControl "180+2"]
[Date "2023.05.23"]
[WhiteClock "0:00:13"]
[BlackClock "0:00:43"]

1. d4 Nf6 2. c4 e6 3. Nc3 d5 4. cxd5 exd5 5. Bg5 c6 6. e3 h6 7. Bh4 Bd6 8. Bd3 O-O 9. Qc2 Re8 10. Nf3 Be6 11. O-O Nbd7 12. Rfe1 Rc8 13. e4 dxe4 14. Nxe4 Be7 15. Nc5 Nxc5 16. dxc5 Nd5 17. Bxe7 Rxe7 18. Rad1 Qa5 19. a3 Rce8 20. Bc4 Qxc5 21. b4 Qb6 22. Ba2 a5 23. Bb1 Nf6 24. Qc5 Qxc5 25. bxc5 Nd7 26. Rc1 Bg4 27. Rxe7 Rxe7 28. h3 Bxf3 29. gxf3 g6 30. f4 Kg7 31. Kg2 Re2 32. Rc3 Rb2 33. Bd3 Nf6 34. Rc4 Rb3 35. Bc2 Rxa3 36. h4 Nd5 37. f5 Rc3 38. Rxc3 Nxc3 39. fxg6 fxg6 40. Kf3 a4 0-1


[Site "https://www.chess.com"]

[Event "Titled Tuesday Blitz May 23 Late 2023"]
[White "Ibarra Jerez, Jose Carlos"]
[Black "Badmatsyrenov, Oleg"]
[WhiteFideId "2226332"]
[BlackFideId "24115762"]
[WhiteElo "2638"]
[BlackElo "2396"]
[Result "1-0"]
[Round "09"]
[TimeControl "180+2"]
[Date "2023.05.23"]
[WhiteClock "0:00:05"]
[BlackClock "0:00:41"]

1. e4 c5 2. Nc3 a6 3. g4 b5 4. Bg2 Bb7 5. d3 Nc6 6. Nh3 e6 7. O-O Nge7 8. f4 b4 9. Na4 Ng6 10. Be3 Nd4 11. c3 bxc3 12. bxc3 Nb5 13. Nxc5 Bxc5 14. Bxc5 Rc8 15. Be3 Nxc3 16. Qb3 Ba8 17. f5 Ne5 18. Kh1 Nxg4 19. Bd4 Ne2 20. Bb6 Qh4 21. Rae1 Ng3+ 22. hxg3 Qxg3 23. Bg1 O-O 24. Qd1 exf5 25. Rxf5 d5 26. Rg5 f5 27. exf5 h5 28. Re7 Rf7 29. Rxf7 Kxf7 30. Rxh5 d4 31. Qb3+ Ke7 32. Qe6+ Kd8 33. Rh8+ Kc7 34. Rxc8# 1-0


[Site "https://www.chess.com"]

[Event "Titled Tuesday Blitz May 23 Late 2023"]
[White "Jaracz, Pawel"]
[Black "Terry, Renato"]
[WhiteFideId "1102222"]
[BlackFideId "3803457"]
[WhiteElo "2438"]
[BlackElo "2575"]
[Result "1-0"]
[Round "09"]
[TimeControl "180+2"]
[Date "2023.05.23"]
[WhiteClock "0:00:09"]
[BlackClock "0:00:00"]

1. e4 e6 2. d4 d5 3. Nd2 Be7 4. Bb5+ c6 5. Ba4 b5 6. Bb3 Nf6 7. e5 Nfd7 8. c3 c5 9. Ne2 Nc6 10. O-O b4 11. Nf3 Ba6 12. Re1 bxc3 13. bxc3 cxd4 14. cxd4 Na5 15. Bc2 Rc8 16. Nf4 g6 17. Ba4 O-O 18. Bxd7 Qxd7 19. Nh3 Qc6 20. Qd2 Nc4 21. Qh6 Rc7 22. Bg5 Bxg5 23. Nfxg5 f6 24. exf6 Rxf6 25. Rab1 Nb6 26. Rb3 Qc1 27. Re3 Qd2 28. Nf3 Qb2 29. Nhg5 Bc8 30. h4 Re7 31. h5 Qxa2 32. R3e2 Qa4 33. Ne5 Qe8 34. hxg6 hxg6 35. f3 Qf8 36. Qh4 Rf4 37. Ng4 e5 38. g3 Rxg4 39. fxg4 e4 40. Rf2 Qg7 41. Ref1 Nd7 42. Rf7 Rxf7 43. Rxf7 Qxd4+ 44. Kh2 Qh8 45. Rh7 1-0


[Site "https://www.chess.com"]

[Event "Titled Tuesday Blitz May 23 Late 2023"]
[White "Simonian, Hrair"]
[Black "Zhigalko, Sergei"]
[WhiteFideId "13302337"]
[BlackFideId "13502956"]
[WhiteElo "2447"]
[BlackElo "2626"]
[Result "1-0"]
[Round "09"]
[TimeControl "180+2"]
[Date "2023.05.23"]
[WhiteClock "0:00:35"]
[BlackClock "0:00:00"]

1. e4 c5 2. Nc3 Nc6 3. Bb5 Nd4 4. Bc4 e6 5. Nge2 Nf6 6. O-O a6 7. d3 b5 8. Bb3 Nxb3 9. axb3 b4 10. Na4 Bb7 11. Ng3 h5 12. e5 h4 13. exf6 hxg3 14. fxg3 gxf6 15. Be3 Qc7 16. d4 cxd4 17. Bxd4 e5 18. Be3 Be7 19. c4 bxc3 20. bxc3 d5 21. Qe2 Qc6 22. Qf2 O-O-O 23. b4 Kb8 24. Ba7+ Ka8 25. Bc5 Rd6 26. b5 Qxb5 27. Rfb1 Qc6 28. Rb6 Qc7 29. Bxd6 Bxd6 30. Rab1 Rb8 31. Rxd6 d4 32. Qxf6 dxc3 33. Rxa6+ Bxa6 34. Qxa6+ Qa7+ 35. Nb6+ Rxb6 36. Rxb6 c2 37. Qxa7+ Kxa7 38. Rc6 c1=Q+ 39. Rxc1 1-0


[Site "https://www.chess.com"]

[Event "Titled Tuesday Blitz May 23 Late 2023"]
[White "Rosen, Eric"]
[Black "Dardha, Daniel"]
[WhiteFideId "2032562"]
[BlackFideId "240990"]
[WhiteElo "2331"]
[BlackElo "2581"]
[Result "0-1"]
[Round "09"]
[TimeControl "180+2"]
[Date "2023.05.23"]
[WhiteClock "0:00:00"]
[BlackClock "0:01:39"]

1. d4 Nf6 2. Bf4 d5 3. e3 Bf5 4. Nd2 e6 5. c4 Bb4 6. Nf3 O-O 7. a3 Bd6 8. Bg3 a5 9. Be2 a4 10. O-O Bxg3 11. hxg3 Nbd7 12. Nh4 Be4 13. Nb1 c6 14. Nc3 Qa5 15. g4 h6 16. Nxe4 Nxe4 17. Qc2 Ndf6 18. f3 Qd2 19. Qd3 Qxd3 20. Bxd3 Nd2 21. Rfd1 Nb3 22. g3 Nxa1 23. Rxa1 Rfb8 24. Ng2 dxc4 25. Bxc4 b5 26. Ba2 b4 27. Nf4 Nd5 28. Bxd5 cxd5 29. Nd3 bxa3 30. Rxa3 Rb3 31. Kf2 Rxa3 32. bxa3 Rb8 33. Nc5 Rb2+ 34. Kf1 Ra2 35. Nxa4 Rxa3 36. Nc5 Rxe3 37. Kf2 Ra3 38. f4 g5 39. Nd7 Kg7 40. Ne5 f6 41. Nd7 gxf4 42. gxf4 h5 43. gxh5 Rh3 44. Nc5 Kf7 45. Kg2 Rxh5 46. Kg3 Rh8 47. Kf3 Rc8 48. Nb7 Ke7 49. Ke3 Rc3+ 50. Ke2 Kd7 51. Kd2 Rf3 52. Nc5+ Kd6 53. Nd3 Rh3 54. Ke2 Rh5 55. Ke3 Kc6 56. Nc5 e5 57. fxe5 fxe5 58. Nb3 Rh3+ 0-1


[Site "https://www.chess.com"]

[Event "Titled Tuesday Blitz May 23 Late 2023"]
[White "Prohaszka, Peter"]
[Black "Sychev, Klementy"]
[WhiteFideId "726265"]
[BlackFideId "4114060"]
[WhiteElo "2626"]
[BlackElo "2583"]
[Result "0-1"]
[Round "09"]
[TimeControl "180+2"]
[Date "2023.05.23"]
[WhiteClock "0:00:12"]
[BlackClock "0:00:12"]

1. d4 Nf6 2. Nf3 g6 3. c3 d6 4. Bg5 Bg7 5. Nbd2 O-O 6. e4 c5 7. dxc5 dxc5 8. h3 Nc6 9. Be2 Qc7 10. O-O Nh5 11. Re1 b6 12. Qc2 Bb7 13. Nc4 h6 14. Be3 Rad8 15. Rad1 Nf4 16. Bf1 g5 17. a4 Rxd1 18. Rxd1 Rd8 19. Rxd8+ Nxd8 20. Ncd2 Ng6 21. a5 Nc6 22. a6 Bc8 23. Qa4 Kf8 24. Bb5 Nce5 25. Nxe5 Bxe5 26. Nc4 Bh2+ 27. Kf1 Bf4 28. b4 Bxe3 29. Nxe3 cxb4 30. Qxb4 Qe5 31. Be2 Qh2 32. Ke1 Qg1+ 33. Bf1 Bxa6 34. c4 Ne5 35. Qc3 f6 36. Qd4 Bb7 37. Ke2 Kf7 38. g3 a5 39. f4 gxf4 40. gxf4 Ng6 41. e5 fxe5 42. fxe5 Qg3 43. e6+ Ke8 44. Qd7+ Kf8 45. Qxb7 Nf4+ 46. Kd2 Qf2+ 47. Kc3 Qxe3+ 48. Kc2 Nxe6 49. Bd3 Qxd3+ 50. Kxd3 Nc5+ 51. Kd4 Nxb7 52. Kd5 a4 53. Kc6 a3 54. Kxb7 a2 55. Kxb6 a1=Q 56. c5 Qd4 57. Kb5 Ke8 58. c6 Kd8 59. h4 Kc7 60. h5 Qd5+ 61. Kb4 Kxc6 62. Ka4 Qxh5 63. Kb4 Qc5+ 64. Ka4 Qb5+ 65. Ka3 e5 66. Ka2 e4 67. Ka3 e3 68. Ka2 e2 69. Ka3 e1=Q 70. Ka2 Qea5# 0-1


[Site "https://www.chess.com"]

[Event "Titled Tuesday Blitz May 23 Late 2023"]
[White "Arabidze, Meri"]
[Black "Moroni, Luca Jr"]
[WhiteFideId "13604040"]
[BlackFideId "865834"]
[WhiteElo "2405"]
[BlackElo "2569"]
[Result "0-1"]
[Round "09"]
[TimeControl "180+2"]
[Date "2023.05.23"]
[WhiteClock "0:00:00"]
[BlackClock "0:00:52"]

1. d4 g6 2. g3 Bg7 3. Bg2 f5 4. Nf3 Nf6 5. O-O O-O 6. Nbd2 d6 7. Re1 Ne4 8. c3 c6 9. Qb3+ Kh8 10. d5 Nd7 11. dxc6 bxc6 12. Nxe4 fxe4 13. Ng5 Nc5 14. Nf7+ Rxf7 15. Qxf7 e5 16. Bg5 Qg8 17. Qxg8+ Kxg8 18. Be7 Bf8 19. Bxf8 Kxf8 20. b4 Na4 21. c4 d5 22. b5 Nb2 23. bxc6 Nxc4 24. Rec1 Be6 25. Rxc4 dxc4 26. Bxe4 Rb8 27. a4 a5 28. f4 exf4 29. gxf4 Ke7 30. Kf2 Kd6 31. Kf3 Kc7 32. e3 Rb4 33. h4 c3 34. Rc1 Rc4 35. h5 gxh5 36. Bxh7 h4 37. Bd3 Rxa4 38. Rxc3 Ra1 39. f5 Bf7 40. e4 a4 41. e5 Bd5+ 42. Kg4 a3 43. e6 a2 44. Ra3 Rg1+ 45. Kxh4 a1=Q 46. Rxa1 Rxa1 47. Kg5 Bxc6 48. Kf6 Kd6 49. Bc4 Ra7 50. Be2 Be4 51. Bh5 Ra5 52. Bg6 Re5 53. Bh7 Bc6 54. Bg6 Re1 55. Bh7 Be8 56. Bg6 Bxg6 57. fxg6 Rf1+ 58. Kg7 Kxe6 59. Kh8 Rh1+ 60. Kg8 Ke7 61. g7 Rg1 62. Kh8 Kf7 0-1


[Site "https://www.chess.com"]

[Event "Titled Tuesday Blitz May 23 Late 2023"]
[White "Naroditsky, Daniel"]
[Black "Mirimanian, Hayk"]
[WhiteFideId "2026961"]
[BlackFideId "4700180"]
[WhiteElo "2633"]
[BlackElo "2280"]
[Result "0-1"]
[Round "09"]
[TimeControl "180+2"]
[Date "2023.05.23"]
[WhiteClock "0:00:49"]
[BlackClock "0:00:25"]

1. d4 d5 2. Nc3 Nf6 3. Bf4 e6 4. e3 Bb4 5. Bd3 c5 6. dxc5 Nbd7 7. Nf3 Nxc5 8. O-O O-O 9. Ne5 Bxc3 10. bxc3 Nce4 11. c4 dxc4 12. Nxc4 b6 13. Qf3 Bb7 14. Qh3 Nc5 15. Be2 Nd5 16. Be5 f6 17. Bd4 Nf4 18. Qg4 Nxe2+ 19. Qxe2 Qd5 20. f3 Ba6 21. Rfd1 Qxc4 22. Qf2 e5 23. Bb2 Rfd8 24. h4 Na4 25. Ba3 Nc3 26. Re1 Ne2+ 27. Kh2 Qxc2 28. Rec1 Qa4 29. Be7 Nxc1 30. Rxc1 Rd7 31. Bxf6 gxf6 32. Qg3+ Rg7 33. Qh3 Qe8 34. h5 Rc8 35. Rd1 Rc2 36. Rg1 Bc8 37. Qh4 Rg5 0-1


[Site "https://www.chess.com"]

[Event "Titled Tuesday Blitz May 23 Late 2023"]
[White "Zemlyanskii, Ivan"]
[Black "Paravyan, David"]
[WhiteFideId "24249971"]
[BlackFideId "4194985"]
[WhiteElo "2421"]
[BlackElo "2563"]
[Result "1-0"]
[Round "09"]
[TimeControl "180+2"]
[Date "2023.05.23"]
[WhiteClock "0:00:34"]
[BlackClock "0:01:12"]

1. d4 Nf6 2. c4 e6 3. Bf4 d5 4. Nc3 c5 5. Nf3 Nc6 6. Nb5 cxd4 7. Nc7+ Qxc7 8. Bxc7 Bb4+ 9. Nd2 dxc4 10. a3 Bxd2+ 11. Qxd2 e5 12. Bxe5 Nxe5 13. Qxd4 Nc6 14. Qxc4 Be6 15. Qc3 Ne4 16. Qxg7 O-O-O 17. f3 Rhg8 18. Qh6 Nc5 19. e4 Kb8 20. Qe3 Nd4 21. Rc1 Ncb3 22. Rc3 Rc8 23. Kf2 Rxc3 24. bxc3 Nc2 25. Qd3 Nca1 26. Be2 Ka8 27. Rd1 Rc8 28. c4 Nc5 29. Qc3 Nab3 30. Rb1 b5 31. Rxb3 Nxb3 32. Qxb3 bxc4 33. Qc3 Kb7 34. f4 f6 35. Qxf6 Bg8 36. Qc3 Kb6 37. Ke3 a5 38. f5 Kb5 39. g4 1-0


[Site "https://www.chess.com"]